 Dungeon Crawl Stone Soup version 0.27-a0-79-gcaaa221d37 (webtiles) character file.

Game seed: 2519621806338894945

16637 Borgoz the Carver (level 12, -3/103 HPs)
             Began as a Ghoul Gladiator on Jan 14, 2021.
             Was a Follower of Ashenzari.
             Slain by a wolf spider (6 damage)
             ... on level 2 of the Lair of Beasts.
             The game lasted 00:13:22 (11278 turns).

Borgoz the Carver (Ghoul Gladiator)                Turns: 11278, Time: 00:13:23

Health: -3/103     AC: 21    Str: 20    XL:     12   Next: 39%
Magic:  11/11      EV: 15    Int:  3    God:    Ashenzari [*.....]
Gold:   542        SH:  5    Dex: 13    Spells: 11/11 levels left

rFire    . . .     SeeInvis .   b - +4 falchion (drain)
rCold    + . .     Faith    .   m - +0 buckler
rNeg     + + +     Spirit   .   g - +2 plate armour "Ylliemim" {rN+}
rPois    ∞         Reflect  .   c - +2 helmet
rElec    .         Harm     .   (no cloak)
rCorr    .         Rampage  .   j - +0 pair of gloves
Will     .....                  (no boots)
Stlth    ..........             (no amulet)
HPRegen  0.00/turn              h - +4 ring of evasion
MPRegen  0.12/turn              (no ring)

@: no status effects
A: claws 1, cold resistance 1, negative energy resistance 3, inhibited
regeneration, torment resistance, unbreathing
a: Renounce Religion, Curse Item, Scrying


You were on level 2 of the Lair of Beasts.
You worshipped Ashenzari.
Ashenzari was aware of your devotion.
You visited 3 branches of the dungeon, and saw 12 of its levels.

You collected 542 gold pieces.

Inventory:

Hand Weapons
 b - a +4 falchion of draining (weapon)
 q - a +0 scimitar
Missiles
 d - 2 throwing nets (quivered)
Armour
 c - a +2 helmet (worn)
 g - the +2 plate armour "Ylliemim" (worn) {rN+}
   (You found it on level 1 of the Lair of Beasts)

   It protects you from negative energy.
 j - a +0 pair of gloves (worn)
 m - a +0 buckler (worn)
Jewellery
 h - a +4 ring of evasion (left hand)
Wands
 o - a wand of digging (3)
 r - a wand of flame (16)
 w - a wand of acid (3)
 y - a wand of iceblast (23)
 B - a wand of paralysis (5)
 C - a wand of polymorph (7)
Scrolls
 a - a scroll of enchant armour
 f - 7 scrolls of remove curse
 k - 2 scrolls of teleportation
 n - 2 scrolls of enchant weapon
 A - a scroll of magic mapping
 D - a scroll of fog {unknown}
Potions
 e - 2 potions of magic
 i - 2 potions of heal wounds
 l - 3 potions of curing
 p - a potion of haste
 s - 6 potions of ambrosia
 t - a potion of attraction {unknown}
 u - 2 potions of resistance {unknown}
 v - a potion of lignification {unknown}
 x - 3 potions of flight
 z - a potion of mutation {unknown}


   Skills:
 + Level 8.7 Fighting
 * Level 9.8 Long Blades
 - Level 1.7 Throwing
 * Level 9.4 Armour
 * Level 9.8 Dodging
 - Level 5.0 Shields


You had 11 spell levels left.
You didn't know any spells.
Your spell library was empty.

Dungeon Overview and Level Annotations

Branches:
Dungeon (9/15)             Temple (1/1) D:5            Lair (2/6) D:8
 Shoals (0/4) Lair:2       Spider (0/4) Lair:2
    Orc: D:9-12

Altars:
Ashenzari
Cheibriados
Dithmenos
Elyvilon
Fedhas
Gozag
Hepliaklqana
Kikubaaqudgha
Makhleb
Nemelex Xobeh
Okawaru
Qazlal
Ru
Sif Muna
Trog
Uskayaw
Vehumet
Wu Jian
Xom
Yredelemnul
Zin
The Shining One

Shops:
D:4 [   D:7 (

Annotations:
Lair:1 exclusion: oklob plant


Innate Abilities, Weirdness & Mutations

You thrive by killing the living.
You are immune to poison.
You have sharp fingernails.
Your flesh is cold resistant. (rC+)
You are immune to negative energy. (rN+++)
You do not regenerate when monsters are visible.
You are immune to unholy pain and torment.
You can survive without breathing.


Message History

The wolf spider hits you!
* * * LOW HITPOINT WARNING * * *
The wolf spider bites you but does no damage.
Throw: 4 throwing nets
Press: ? - help, Q - select action, (/) - cycle Shift-Dir - straight line, f - wolf spider
Aim: a wolf spider (moderately wounded, lightly drained)
You throw a throwing net.
The throwing net closely misses the wolf spider.
The wolf spider hits you!
* * * LOW HITPOINT WARNING * * *
The wolf spider bites you but does no damage.
The wolf spider hits you but does no damage.
The wolf spider barely misses you.
Throw: 3 throwing nets
Press: ? - help, Q - select action, (/) - cycle Shift-Dir - straight line, f/p - wolf spider
Aim: a wolf spider (moderately wounded, lightly drained)
You throw a throwing net.
The throwing net closely misses the wolf spider.
The wolf spider hits you.
You die...

.............#........#
........######.......##
........#....###...#.#
........##.>..###..###
.........#...^.^#....###
.........##^^.^^##...#.#
..........##.^^^.##...##
...........##..^†^##...#
......#.....# #s@^...###
#.#..###...######^....#
.#.#.###....##..##..†.##
.#...#.##..###...#..#..#
......#..#..##.........#
#........###..........##
..#........##.........#
...#..#....#...#####..##
#.......#.###.#.# #..P#


You could see a wolf spider (drained).

Vanquished Creatures
  Harold (Lair:1)
  A queen ant (Lair:2)
  2 two-headed ogres (D:8)
  Sonja (Lair:1)
  2 black mambas (Lair:1)
  5 cane toads
  A queen bee (Lair:1)
  2 jumping spiders (Lair:2)
  4 blink frogs (Lair:2)
  4 flying skulls (D:9)
  2 redbacks (Lair:2)
  A wraith (D:9)
  9 yaks
  Eustachio (D:4)
  17 soldier ants (Lair:2)
  4 water moccasins
  2 ogres
  10 wolves
  5 centaurs
  2 big kobolds (D:8)
  9 bullfrogs
  26 killer bees (Lair:1)
  5 wights
  A crimson imp (D:4)
  A bullfrog zombie (D:5)
  3 hounds
  A jelly (D:7)
  6 orc wizards
  3 orc priests
  A bullfrog skeleton (D:7)
  2 gnoll shamans
  2 iguanas
  32 worker ants
  A hound zombie (D:6)
  A worker ant zombie (D:5)
  14 adders
  7 gnolls
  3 shadow imps
  2 white imps
  An ufetubus (D:8)
  2 adder skeletons
  7 dart slugs
  2 worms
  7 leopard geckos
  24 orcs
  2 ball pythons
  5 giant cockroaches
  8 goblins
  5 hobgoblins
  8 jackals
  5 quokkas
  5 bats
  7 frilled lizards
  10 kobolds
  A quokka skeleton (D:9)
  11 rats
  A spectral orc (D:6)
307 creatures vanquished.

Vanquished Creatures (others)
  6 fungi
  25 plants
31 creatures vanquished.

Grand Total: 338 creatures vanquished

Notes
Turn   | Place    | Note
-------+----------+-------------------------------------------
     0 | D:1      | Borgoz the Ghoul Gladiator began the quest for the Orb.
     0 | D:1      | Reached XP level 1. HP: 17/17 MP: 0/0
   178 | D:1      | Reached XP level 2. HP: 25/25 MP: 1/1
   721 | D:1      | Reached XP level 3. HP: 30/30 MP: 2/2
   821 | D:1      | Reached skill level 1 in Armour
  1831 | D:3      | Reached XP level 4. HP: 28/37 MP: 3/3
  2296 | D:3      | Reached XP level 5. HP: 45/45 MP: 4/4
  2830 | D:4      | Noticed Eustachio
  2879 | D:4      | Killed Eustachio
  2880 | D:4      | Reached XP level 6. HP: 17/52 MP: 5/5
  3097 | D:4      | Found Rago's Antique Armour Shop.
  3257 | D:4      | Found a burning altar of Makhleb.
  3388 | D:4      | Reached XP level 7. HP: 47/60 MP: 6/6
  3716 | D:5      | Entered Level 5 of the Dungeon
  3761 | D:5      | Found a staircase to the Ecumenical Temple.
  3782 | Temple   | Entered the Ecumenical Temple
  3974 | Temple   | Became a worshipper of Ashenzari the Shackled
  4384 | D:5      | Found a hazy altar of Hepliaklqana.
  4506 | D:5      | Reached skill level 1 in Shields
  4525 | D:5      | Reached XP level 8. HP: 61/67 MP: 7/7
  4931 | D:6      | Reached skill level 5 in Long Blades
  5077 | D:6      | Reached skill level 5 in Fighting
  5083 | D:6      | Reached skill level 5 in Dodging
  5249 | D:6      | Found a basalt altar of Yredelemnul.
  5336 | D:6      | Found a blossoming altar of Fedhas.
  5756 | D:7      | Found Paablogei's Weapon Shop.
  5810 | D:7      | Reached * piety under Ashenzari
  6268 | D:7      | Reached XP level 9. HP: 74/74 MP: 8/8
  6403 | D:8      | Reached skill level 5 in Armour
  6461 | D:8      | Noticed a two-headed ogre
  6477 | D:8      | Killed a two-headed ogre
  6989 | D:8      | Found a staircase to the Lair.
  7014 | D:8      | Noticed a two-headed ogre
  7021 | D:8      | Killed a two-headed ogre
  7170 | D:8      | Reached XP level 10. HP: 53/84 MP: 9/9
  7785 | D:9      | Noticed a skeletal warrior
  8248 | Lair:1   | Entered Level 1 of the Lair of Beasts
  8248 | Lair:1   | Noticed a cane toad
  8248 | Lair:1   | Noticed a black mamba
  8250 | Lair:1   | Noticed Sonja
  8264 | Lair:1   | Killed a black mamba
  8286 | Lair:1   | Killed a cane toad
  8292 | Lair:1   | Noticed a cane toad
  8300 | Lair:1   | Killed a cane toad
  8312 | Lair:1   | Killed Sonja
  8667 | Lair:1   | Got the uncursed plate armour "Ylliemim" {rN+}
  8675 | Lair:1   | Noticed a black mamba
  8683 | Lair:1   | Killed a black mamba
  8684 | Lair:1   | Reached XP level 11. HP: 30/92 MP: 10/10
  8939 | Lair:1   | Identified the +2 plate armour "Ylliemim" {rN+} (You found
                  | it on level 1 of the Lair of Beasts)
  9572 | Lair:1   | Noticed Harold
  9595 | Lair:1   | Killed Harold
  9596 | Lair:1   | Reached skill level 5 in Shields
  9703 | Lair:1   | Noticed an oklob plant
 10076 | Lair:2   | Noticed a queen ant
 10109 | Lair:2   | Killed a queen ant
 10222 | Lair:2   | Reached XP level 12. HP: 102/102 MP: 11/11
 10564 | Lair:2   | Found a staircase to the Shoals.
 11196 | Lair:2   | Found a hole to the Spider Nest.
 11277 | Lair:2   | HP: 3/103 [wolf spider (10)]
 11278 | Lair:2   | Slain by a wolf spider

Illustrated notes

Levels and vault maps discovered:
D:1:      mrwooster_arrival_statue_3, layout_basic, kennysheep_doodads,
          wander_ebering_terrifying_dragon_lair
D:2:      layout_rooms, minmay_misc_feat_plants
D:3:      minmay_inner_zag, layout_basic
D:4:      layout_basic, makhleb_grotto_becter, serial_shops, shop,
          uniq_eustachio
D:5:      minmay_diamond_boxcup, layout_loops_ring, nzn_hepliaklqana_mist_gate,
          minmay_temple_entry_gardened_gates, skrybe_limestone_x
D:6:      layout_basic, yredelemnul_forgotten_temple_becter,
          fedhas_bush_and_centaur_altar
D:7:      layout_cave_pools, serial_shops, shop_statue
D:8:      layout_basic, lair_entry_dummy, blue_anna_alchemist
          [blue_anna_fruit_fields, blue_anna_fruit_fields]
D:9:      hangedman_screamer, layout_loops_ring, basic_altar
Temple:   dpeg_five_rooms_temple
Lair:1:   layout_roguey [special_room_bee], minmay_lair_oklob_chamber,
          lemuel_fruit_fields, uniq_harold, uniq_sonja
Lair:2:   layout_cave_shapes, minmay_shoals_entry_centaurs,
          spider_nest_entry_funnel_web, zaba_anthell, grunt_megastairs_1

Skill      XL: |  1  2  3  4  5  6  7  8  9 10 11 12 |
---------------+-------------------------------------+-----
Long Blades    | 3 4 5 6 8 9 |  9.8
Dodging        | 3 4 5 6 8 9 |  9.8
Armour         | 1 2 3 4 6 7 8 9 |  9.4
Fighting       | 3 4 5 6 7 8 |  8.7
Shields        | 1 2 3 4 5 |  5.0
Throwing       | |  1.7

Action                   |  1- 3 |  4- 6 |  7- 9 | 10-12 || total
-------------------------+-------+-------+-------+-------++-------
Melee: Long sword        |    98 |   170 |       |       ||   268
       Falchion          |       |    29 |   307 |   763 ||  1099
Throw: Throwing net      |       |       |     2 |     4 ||     6
Evoke: Wand              |       |       |       |     7 ||     7
  Use: Scroll            |       |     8 |     7 |     4 ||    19
       Potion            |       |     2 |       |     1 ||     3
 Stab: Held in net/web   |       |       |     1 |       ||     1
       Paralysed         |       |       |       |     6 ||     6
Armor: Leather armour    |    29 |    15 |       |       ||    44
       Ring mail         |       |    83 |    90 |    41 ||   214
       Plate armour      |       |       |       |   322 ||   322
Dodge: Dodged            |    74 |   291 |   227 |   583 ||  1175
Block: Buckler           |       |       |    54 |   188 ||   242
       Rpst.: Long sword |    26 |    61 |       |       ||    87
       Falchion          |       |     9 |    60 |   181 ||   250

Table legend: (Time is in decaauts)
 A = Elapsed time spent in this place.
 B = Non-inter-level travel time spent in this place.
 C = Inter-level travel time spent in this place.
 D = Time resting spent in this place.
 E = Time spent auto-exploring this place.
 F = Levels seen in this place.
 G = Mean time per level.
                   A        B        C        D        E       F      G
               +--------+--------+--------+--------+--------+-----+--------+
         Total |  11268 |  10821 |    447 |   1344 |   7298 |  12 |  939.0 |
       Dungeon |   8090 |   7740 |    350 |    761 |   5591 |   9 |  898.9 |
        Temple |    244 |    192 |     52 |      0 |    188 |   1 |  244.0 |
          Lair |   2933 |   2889 |     44 |    583 |   1519 |   2 | 1466.5 |
               +--------+--------+--------+--------+--------+-----+--------+

Top non-repeatable levels by time:
  Lair:1: 1623 daAuts
     D:8: 1503 daAuts
     D:1: 1342 daAuts
  Lair:2: 1309 daAuts
     D:4: 994 daAuts
     D:3: 944 daAuts
     D:6: 911 daAuts
     D:5: 842 daAuts
     D:7: 654 daAuts
     D:2: 500 daAuts
     D:9: 396 daAuts
  Temple: 244 daAuts
